HSSL
OCEANSIDE HS PIRATES @ MARIS SCHOOL
04/22/2026
 
TOP OF THE 1ST
Oceanside HS Pirates batting - Pitching for Maris School : LHP Jack Grimes
Pitching: LHP Jack Grimes
Batting: RHB Glen Madden 0-0: Ball
1-0: Foul Ball, location: 2F
1-1: Swinging Strike
1-2: Strikes out swinging
Batting: RHB Henry Rose 0-0: Ball
1-0: Fly out, F5 (Line Drive, 5)
Batting: LHB Ron Young 0-0: Ground out 4-3 (Groundball, 4)
Top of the 1st over - 0 run(s), 0 hit(s), 0 error(s), 0 left on base; Oceanside HS 0 - Maris School 0
BOTTOM OF THE 1ST
Maris School batting - Pitching for Oceanside HS Pirates : RHP William Jones
Pitching: RHP William Jones
Batting: RHB Ed Jackson 0-0: Ball
1-0: Foul Ball, location: 2F
1-1: Ball
2-1: Ball
3-1: Foul Ball, location: 2F
Reached via error on a dropped throw, E3
Batting: RHB Dave McGuire 0-0: Ball
1-0: Ball
2-0: Called Strike
2-1: Foul Ball, location: 2F
2-2: Foul Ball, location: 2F
2-2: Grounds into double play, 5-4-3 (Groundball, 56)
Batting: RHB Dan Duckworth 0-0: Ball
1-0: Ground out 1-3 (Groundball, 15)
Bottom of the 1st over - 0 run(s), 0 hit(s), 1 error(s), 0 left on base; Oceanside HS 0 - Maris School 0
TOP OF THE 2ND
Oceanside HS Pirates batting - Pitching for Maris School : LHP Jack Grimes
Batting: SHB Jerry Young 0-0: Ball
1-0: Ball
2-0: Ball
3-0: Called Strike
3-1: Base on Balls
Batting: LHB Preston Spencer 0-0: Ball
1-0: Fly out, F1 (Line Drive, 13S)
1-0: Lined into DP, 1-3 (Line Drive, 13S)
Batting: LHB Greg Sharpe 0-0: Ball
1-0: Swinging Strike
1-1: Swinging Strike
1-2: Strikes out looking
Top of the 2nd over - 0 run(s), 0 hit(s), 0 error(s), 0 left on base; Oceanside HS 0 - Maris School 0
BOTTOM OF THE 2ND
Maris School batting - Pitching for Oceanside HS Pirates : RHP William Jones
Batting: RHB John Scammell 0-0: Ball
1-0: Ball
2-0: Ball
3-0: Called Strike
3-1: Ground out 5-3 (Groundball, 56S)
Batting: LHB Ryan Martin 0-0: Ball
1-0: SINGLE (Line Drive, 34S)
Batting: RHB Bruce Adams 0-0: Ball
1-0: Ball
2-0: DOUBLE (Flyball, 78M)
Ryan Martin to third
Batting: RHB Zane Heath 0-0: Ball
1-0: Foul Ball, location: 2F
1-1: Foul Ball, location: 2F
1-2: Ball
2-2: Foul Ball, location: 2F
2-2: Foul Ball, location: 2F
2-2: Foul Ball, location: 2F
2-2: Fly out, F8 (Flyball, 8RS)
Batting: LHB Dustin Wesman 0-0: Ground out 4-3 (Groundball, 4)
Bottom of the 2nd over - 0 run(s), 2 hit(s), 0 error(s), 2 left on base; Oceanside HS 0 - Maris School 0
TOP OF THE 3RD
Oceanside HS Pirates batting - Pitching for Maris School : LHP Jack Grimes
Batting: RHB Norm Walker 0-0: Ball
1-0: Ball
2-0: Ball
3-0: Called Strike
3-1: Base on Balls
Batting: RHB Anthony Payton 0-0: Ball
1-0: Ball
2-0: Ball
3-0: Base on Balls
Norm Walker to second
Batting: LHB Miguel Maldonado 0-0: Ball
1-0: Ball
2-0: Fly out, F8 (Flyball, 89S)
Batting: RHB Glen Madden 0-0: Called Strike
0-1: Ball
1-1: Ball
2-1: Foul Ball, location: 2F
2-2: Foul Ball, location: 2F
2-2: Foul Ball, location: 2F
2-2: Strikes out swinging
Batting: RHB Henry Rose 0-0: Swinging Strike
0-1: Foul Ball, location: 2F
0-2: Strikes out swinging
Top of the 3rd over - 0 run(s), 0 hit(s), 0 error(s), 2 left on base; Oceanside HS 0 - Maris School 0
BOTTOM OF THE 3RD
Maris School batting - Pitching for Oceanside HS Pirates : RHP William Jones
Batting: RHB Jared Chávez 0-0: Swinging Strike
0-1: Called Strike
0-2: Ball
1-2: Strikes out looking
Batting: RHB Ed Jackson 0-0: Called Strike
0-1: Called Strike
0-2: Ball
1-2: Ground out 5-3 (Groundball, 5L)
Batting: RHB Dave McGuire 0-0: Ball
1-0: DOUBLE (Groundball, 3L)
Batting: RHB Dan Duckworth 0-0: Ball
1-0: Ground out 5-3 (Groundball, 56S)
Bottom of the 3rd over - 0 run(s), 1 hit(s), 0 error(s), 1 left on base; Oceanside HS 0 - Maris School 0
TOP OF THE 4TH
Oceanside HS Pirates batting - Pitching for Maris School : LHP Jack Grimes
Batting: LHB Ron Young 0-0: Ball
1-0: Ball
2-0: Ball
3-0: Base on Balls
Batting: SHB Jerry Young 0-0: Ball
1-0: Foul Ball, location: 2F
1-1: Ball
2-1: Ball
3-1: Foul Ball, location: 2F
3-2: Strikes out swinging
Ron Young is caught stealing 2nd base
Batter strikes out.
Batting: LHB Preston Spencer 0-0: Called Strike
0-1: Ball
1-1: Fly out, F8 (Flyball, 8RM)
Top of the 4th over - 0 run(s), 0 hit(s), 0 error(s), 0 left on base; Oceanside HS 0 - Maris School 0
BOTTOM OF THE 4TH
Maris School batting - Pitching for Oceanside HS Pirates : RHP William Jones
Batting: RHB John Scammell 0-0: DOUBLE (Flyball, 7M)
Batting: LHB Ryan Martin 0-0: Ball
1-0: Called Strike
1-1: Ball
2-1: SINGLE (Groundball, 4MD)
John Scammell to third
Runner from 3rd tries for Home, SAFE, throw made home
Batting: RHB Bruce Adams 0-0: Fly out, F3 (Popup, 3DF)
Batting: RHB Zane Heath 0-0: Ball
1-0: Ball
2-0: Ball
3-0: Called Strike
3-1: Base on Balls
Ryan Martin to second
Batting: LHB Dustin Wesman 0-0: Called Strike
0-1: SINGLE (Line Drive, 34)
Ryan Martin to third
Zane Heath to second
Batting: RHB Jared Chávez 0-0: Ball
1-0: Ball
2-0: Called Strike
2-1: Ball
3-1: Base on Balls
Ryan Martin scores
Zane Heath to third
Dustin Wesman to second
Batting: RHB Ed Jackson 0-0: Called Strike
0-1: TRIPLE (Line Drive, 9LS)
Zane Heath scores
Dustin Wesman scores
Jared Chávez scores
Batting: RHB Dave McGuire 0-0: Swinging Strike
0-1: Fly out, F4 (Popup, 4M)
Batting: RHB Dan Duckworth 0-0: Ground out 6-3 (Groundball, 6M)
Bottom of the 4th over - 5 run(s), 4 hit(s), 0 error(s), 1 left on base; Oceanside HS 0 - Maris School 5
TOP OF THE 5TH
Oceanside HS Pirates batting - Pitching for Maris School : LHP Jack Grimes
Batting: LHB Greg Sharpe 0-0: Ball
1-0: Ball
2-0: Ball
3-0: Called Strike
3-1: Foul Ball, location: 2F
3-2: Base on Balls
Batting: RHB Norm Walker 0-0: DOUBLE (Flyball, 8RXD)
Greg Sharpe to third
Batting: RHB Anthony Payton 0-0: Ball
1-0: Ball
2-0: TRIPLE (Line Drive, 9LM)
Greg Sharpe scores
Norm Walker scores
Batting: LHB Miguel Maldonado 0-0: Called Strike
0-1: Foul Ball, location: 2F
0-2: Fly out, F4 (Popup, 4)
Batting: RHB Glen Madden 0-0: Fly out, F8 (Flyball, 8LM)
Runner from 3rd tags up, SCORES, no throw
Batting: RHB Henry Rose 0-0: Ball
1-0: Called Strike
1-1: SINGLE (Groundball, 6)
Batting: LHB Ron Young 0-0: Ball
1-0: Called Strike
1-1: Ball
2-1: Ground out 4-3 (Groundball, 4)
Top of the 5th over - 3 run(s), 3 hit(s), 0 error(s), 1 left on base; Oceanside HS 3 - Maris School 5
BOTTOM OF THE 5TH
Maris School batting - Pitching for Oceanside HS Pirates : RHP William Jones
Batting: RHB John Scammell 0-0: Called Strike
0-1: Ball
1-1: Called Strike
1-2: Foul Ball, location: 2F
1-2: Ball
2-2: Strikes out swinging
Batting: LHB Ryan Martin 0-0: Called Strike
0-1: Ball
1-1: Ground out 4-3 (Groundball, 4)
Batting: RHB Bruce Adams 0-0: Ball
1-0: Foul Ball, location: 2F
1-1: Ball
2-1: Ball
3-1: Called Strike
3-2: Foul Ball, location: 2F
3-2: Foul Ball, location: 2F
3-2: Base on Balls
Pitching: LHP Mariano García
Batting: RHB Zane Heath 0-0: Ball
1-0: Ball
2-0: Ball
3-0: Base on Balls
Bruce Adams to second
Batting: LHB Dustin Wesman 0-0: Ball
1-0: Ball
2-0: Ball
3-0: Base on Balls
Bruce Adams to third
Zane Heath to second
Batting: RHB Jared Chávez 0-0: Called Strike
0-1: Ground out 6-3 (Groundball, 6)
Bottom of the 5th over - 0 run(s), 0 hit(s), 0 error(s), 3 left on base; Oceanside HS 3 - Maris School 5
TOP OF THE 6TH
Oceanside HS Pirates batting - Pitching for Maris School : LHP Jack Grimes
Batting: SHB Jerry Young 0-0: Ball
1-0: Called Strike
1-1: Foul Ball, location: 2F
1-2: Strikes out looking
Batting: LHB Preston Spencer 0-0: Foul Ball, location: 2F
0-1: Foul Ball, location: 2F
0-2: Strikes out swinging
Batting: LHB Greg Sharpe 0-0: Ball
1-0: Foul Ball, location: 2F
1-1: Ball
2-1: Ball
3-1: Base on Balls
Pitching: RHP Paul Burns
Batting: RHB Norm Walker 0-0: Ground out 1-3 (Groundball, 15)
Top of the 6th over - 0 run(s), 0 hit(s), 0 error(s), 1 left on base; Oceanside HS 3 - Maris School 5
BOTTOM OF THE 6TH
Maris School batting - Pitching for Oceanside HS Pirates : LHP Mariano García
Batting: RHB Ed Jackson 0-0: Ground out 4-3 (Groundball, 4)
Batting: RHB Dave McGuire 0-0: Called Strike
0-1: Swinging Strike
0-2: Ball
1-2: Ball
2-2: Strikes out looking
Batting: RHB Dan Duckworth 0-0: Called Strike
0-1: Ball
1-1: Called Strike
1-2: Fly out, F4 (Popup, 4D)
Bottom of the 6th over - 0 run(s), 0 hit(s), 0 error(s), 0 left on base; Oceanside HS 3 - Maris School 5
TOP OF THE 7TH
Oceanside HS Pirates batting - Pitching for Maris School : RHP Paul Burns
Batting: RHB Anthony Payton 0-0: Called Strike
0-1: Ground out 6-3 (Groundball, 6M)
Batting: LHB Miguel Maldonado 0-0: Ball
1-0: Ground out 3-1 (Groundball, 34)
Batting: RHB Glen Madden 0-0: Ball
1-0: Ground out 1-3 (Groundball, 15)
Top of the 7th over - 0 run(s), 0 hit(s), 0 error(s), 0 left on base; Oceanside HS 3 - Maris School 5
BOTTOM OF THE 7TH
Maris School batting - Pitching for Oceanside HS Pirates : LHP Mariano García
Batting: RHB John Scammell 0-0: Swinging Strike
0-1: Fly out, F8 (Flyball, 8LM)
Batting: LHB Ryan Martin 0-0: Called Strike
0-1: Ball
1-1: Ball
2-1: Foul Ball, location: 2F
2-2: Strikes out swinging
Batting: RHB Bruce Adams 0-0: Called Strike
0-1: Swinging Strike
0-2: Ball
1-2: Ball
2-2: Strikes out swinging
Bottom of the 7th over - 0 run(s), 0 hit(s), 0 error(s), 0 left on base; Oceanside HS 3 - Maris School 5
TOP OF THE 8TH
Oceanside HS Pirates batting - Pitching for Maris School : RHP Paul Burns
Batting: RHB Henry Rose 0-0: Ball
1-0: Swinging Strike
1-1: Swinging Strike
1-2: Foul Ball, location: 2F
1-2: Ball
2-2: Foul Ball, location: 2F
2-2: Ball
3-2: Base on Balls
Pitching: RHP Don Anderson
Batting: LHB Ron Young 0-0: Ball
1-0: 2-RUN HOME RUN (Line Drive, 89XD), Distance : 429 ft
Batting: SHB Jerry Young 0-0: Called Strike
0-1: Ball
1-1: Foul Ball, location: 2F
1-2: Ball
2-2: Fly out, F7 (Flyball, 7M)
Batting: LHB Preston Spencer 0-0: Called Strike
0-1: Ball
1-1: Foul Ball, location: 2F
1-2: Strikes out swinging
Batting: LHB Greg Sharpe 0-0: Ball
1-0: Ball
2-0: Swinging Strike
2-1: Swinging Strike
2-2: Ball
3-2: Foul Ball, location: 2F
3-2: Foul Ball, location: 2F
3-2: Strikes out swinging
Top of the 8th over - 2 run(s), 1 hit(s), 0 error(s), 0 left on base; Oceanside HS 5 - Maris School 5
BOTTOM OF THE 8TH
Maris School batting - Pitching for Oceanside HS Pirates : LHP Mariano García
Pitching: RHP Thomas Hoffman
Batting: RHB Zane Heath 0-0: Swinging Strike
0-1: Foul Ball, location: 2F
0-2: Foul Ball, location: 2F
0-2: Strikes out swinging
Batting: LHB Dustin Wesman 0-0: Ball
1-0: Foul Ball, location: 2F
1-1: Swinging Strike
1-2: Foul Ball, location: 2F
1-2: Strikes out looking
Batting: RHB Jared Chávez 0-0: Fly out, F9 (Flyball, 89M)
Bottom of the 8th over - 0 run(s), 0 hit(s), 0 error(s), 0 left on base; Oceanside HS 5 - Maris School 5
TOP OF THE 9TH
Oceanside HS Pirates batting - Pitching for Maris School : RHP Don Anderson
Pitching: RHP Ernest Elliott
Batting: RHB Norm Walker 0-0: Foul Ball, location: 2F
0-1: Ball
1-1: Ball
2-1: Ball
3-1: Base on Balls
Batting: RHB Anthony Payton 0-0: Ball
1-0: Ball
2-0: Bunted foul
2-1: Sac Bunt - play at second, runner safe!
Batting: LHB Miguel Maldonado 0-0: Ground out 4-3 (Groundball, 4M)
Norm Walker to third
Anthony Payton to second
Batting: RHB Glen Madden 0-0: Ball
1-0: Ball
2-0: Ground out 5-3 (Groundball, 56S)
Batting: RHB Henry Rose 0-0: Ball
1-0: Ball
2-0: Ball
3-0: Base on Balls
Batting: LHB Ron Young 0-0: Ball
1-0: Ball
2-0: Fly out, F1 (Line Drive, 13S)
Top of the 9th over - 0 run(s), 0 hit(s), 0 error(s), 3 left on base; Oceanside HS 5 - Maris School 5
BOTTOM OF THE 9TH
Maris School batting - Pitching for Oceanside HS Pirates : RHP Thomas Hoffman
Batting: RHB Ed Jackson 0-0: Ball
1-0: Called Strike
1-1: DOUBLE (Flyball, 7LS)
Batting: RHB Dave McGuire 0-0: Ball
1-0: Foul Ball, location: 2F
1-1: Ground out 5-3 (Groundball, 56)
Batting: RHB Dan Duckworth 0-0: Intentional Walk
Batting: RHB John Scammell 0-0: Called Strike
0-1: Ball
1-1: Foul Ball, location: 2F
1-2: Ball
2-2: Foul Ball, location: 2F
2-2: Foul Ball, location: 2F
2-2: Ball
3-2: Strikes out looking
Batting: LHB Ryan Martin 0-0: Fly out, F8 (Flyball, 8LM)
Bottom of the 9th over - 0 run(s), 1 hit(s), 0 error(s), 2 left on base; Oceanside HS 5 - Maris School 5
TOP OF THE 10TH
Oceanside HS Pirates batting - Pitching for Maris School : RHP Ernest Elliott
Batting: SHB Jerry Young 0-0: Called Strike
0-1: Ball
1-1: Foul Ball, location: 2F
1-2: Foul Ball, location: 2F
1-2: Foul Ball, location: 2F
1-2: Ball
2-2: Ball
3-2: Strikes out swinging
Batting: LHB Preston Spencer 0-0: Ball
1-0: Foul Ball, location: 2F
1-1: Ground out 6-3 (Groundball, 6)
Batting: LHB Greg Sharpe 0-0: Ball
1-0: Fly out, F7 (Flyball, 78M)
Top of the 10th over - 0 run(s), 0 hit(s), 0 error(s), 0 left on base; Oceanside HS 5 - Maris School 5
BOTTOM OF THE 10TH
Maris School batting - Pitching for Oceanside HS Pirates : RHP Thomas Hoffman
Batting: RHB Bruce Adams 0-0: Called Strike
0-1: Ball
1-1: Foul Ball, location: 2F
1-2: Foul Ball, location: 2F
1-2: Fly out, F8 (Flyball, 8RS)
Batting: RHB Zane Heath 0-0: Foul Ball, location: 2F
0-1: Ball
1-1: Ball
2-1: Swinging Strike
2-2: DOUBLE (Flyball, 78M)
Batting: LHB Dustin Wesman 0-0: Called Strike
0-1: Ball
1-1: Swinging Strike
1-2: Strikes out swinging
Batting: RHB Jared Chávez 0-0: Called Strike
0-1: Ball
1-1: Ground out 6-3 (Groundball, 6)
Bottom of the 10th over - 0 run(s), 1 hit(s), 0 error(s), 1 left on base; Oceanside HS 5 - Maris School 5
TOP OF THE 11TH
Oceanside HS Pirates batting - Pitching for Maris School : RHP Ernest Elliott
Pitching: RHP Gabriel Mills
Batting: RHB Norm Walker 0-0: Ball
1-0: Ball
2-0: Foul Ball, location: 2F
2-1: Called Strike
2-2: Strikes out looking
Batting: RHB Anthony Payton 0-0: Foul Ball, location: 2F
0-1: Hit by Pitch
Batting: LHB Miguel Maldonado 0-0: Called Strike
Anthony Payton steals 2nd base
0-1: Ball
1-1: Ball
2-1: Foul Ball, location: 2F
2-2: Strikes out looking
Batting: RHB Glen Madden 0-0: Called Strike
0-1: Foul Ball, location: 2F
0-2: Ball
1-2: Strikes out looking
Top of the 11th over - 0 run(s), 0 hit(s), 0 error(s), 1 left on base; Oceanside HS 5 - Maris School 5
BOTTOM OF THE 11TH
Maris School batting - Pitching for Oceanside HS Pirates : RHP Thomas Hoffman
Pitching: RHP Ed Castillo
Batting: RHB Ed Jackson 0-0: TRIPLE (Flyball, 9LM)
Batting: RHB Dave McGuire 0-0: Foul Ball, location: 2F
0-1: Foul Ball, location: 2F
0-2: Ball
1-2: Ball
2-2: Ball
3-2: Base on Balls
Batting: RHB Dan Duckworth 0-0: Fly out, F8 (Flyball, 8LM)
Runner from 3rd tags up, SCORES, no throw
Monday, December 5th, 2016 - OOTP Baseball 17.12 Build 75